 Dungeon Crawl Stone Soup version 0.21-a0-314-gb3271ec (webtiles) character file.

23 Duskembrace the Vexing (level 2, -4/19 HPs)
             Began as a Vampire Enchanter on Sept 29, 2017.
             Slain by an adder (5 damage)
             ... on level 2 of the Dungeon.
             The game lasted 00:03:26 (1685 turns).

Duskembrace the Vexing (Vampire Enchanter)          Turns: 1685, Time: 00:03:26

Health: -4/19      AC:  2    Str:  7    XL:     2   Next: 75%
Magic:  0/5        EV: 12    Int: 19    God:
Gold:   194        SH:  0    Dex: 12    Spells: 3/6 levels left

rFire    . . .     SeeInvis +   a - +1 dagger
rCold    + . .     Gourm    .   (no shield)
rNeg     + + .     Faith    .   b - +0 robe
rPois    +         Spirit   .   (no helmet)
rElec    .         Reflect  .   (no cloak)
rCorr    .         Harm     .   (no gloves)
MR       .....                  (no boots)
Stlth    ++++......             (no amulet)
HPRegen  0.03/turn              (no ring)
MPRegen  0.09/turn              (no ring)

@: regenerating slowly
A: claws 1, fangs 3, see invisible, clever 1, clumsy 1, wild magic 1,
unbreathing
a: no special abilities


You were on level 2 of the Dungeon.
You were near bloodless.

You visited 1 branch of the dungeon, and saw 2 of its levels.

You collected 194 gold pieces.

Inventory:

Hand Weapons
 a - a +1 dagger (weapon)
Missiles
 p - 2 curare-tipped needles
Armour
 b - a +0 robe (worn)
Jewellery
 k - an uncursed amulet of rage {unknown}
Wands
 m - a wand of scattershot (5/9)
Scrolls
 e - 2 scrolls of teleportation {unknown}
 g - 2 scrolls of enchant armour {unknown}
 h - a scroll of magic mapping {unknown}
 j - a scroll of immolation {unknown}
 n - a scroll of identify {unknown}
 o - a scroll of amnesia {unknown}
Potions
 d - 8 potions of blood
 l - a potion of degeneration {unknown}
Books
 c - a book of Maledictions

   Spells                             Type                      Level
   a - Corona                         Hexes                        1
   b - Ensorcelled Hibernation        Hexes/Ice                    2
   c - Confuse                        Hexes                        3
   d - Tukima's Dance                 Hexes                        3
   e - Dazzling Spray                 Conjuration/Hexes            3


   Skills:
 - Level 2.0 Short Blades
 - Level 2.1 Dodging
 - Level 4.4 Stealth
 + Level 2.7 Spellcasting
 - Level 4.4 Hexes


You had 3 spell levels left.
You knew the following spells:

 Your Spells              Type           Power        Failure   Level  Hunger
a - Corona                Hex            ####...      4%          1    None
b - Ensorcelled Hibernat  Hex/Ice        ##....       14%         2    ##.....


Dungeon Overview and Level Annotations

Branches:
Dungeon (2/15)

Altars:


Innate Abilities, Weirdness & Mutations

You heal slowly.
You have razor-sharp teeth.
You have supernaturally acute eyesight. (SInv)
You can survive without breathing.
You have sharp fingernails.
Your mind is acute. (Int +2)
You are clumsy. (Dex -2)
Your spells are a little harder to cast, but a little more powerful.


Message History

Confirm with . or Enter, or press ? or * to list all spells.
Aiming: Corona
Press: ? - help, Shift-Dir - straight line, f/p - adder
Aim: an adder (chance to defeat MR: 63%)
Okay, then.
Casting: Corona
Confirm with . or Enter, or press ? or * to list all spells.
Aiming: Ensorcelled Hibernation
Press: ? - help, Shift-Dir - straight line, f/p - adder
Aim: an adder (chance to defeat MR: 50%)
The adder resists with some effort.
The adder bites you. x2
* * * LOW HITPOINT WARNING * * *
It was a potion of berserk rage.
You feel slightly irritated. The adder bites you.
* * * LOW HITPOINT WARNING * * *
It was a potion of mutation.
You feel extremely strange.
You feel less in control of your magic.
You feel clumsy.
You feel clever.
Your fingernails lengthen.
The adder bites you.
You die...

............. ..........#
..........# .. ..........###
#. ............. ..
.........#### #### .#
......#..# ..##.###
......##.###########......##
................@Shh.......#
......##.##...######...#####
.###### ##... ###.#### .# ....
#......#. .# # #..#
#.#.?...... .#
#.##..###.......... .# #
.#......##............
.##..........(................
..........%.......!..!........


You could see an adder and 2 jackals.

Vanquished Creatures
  3 leopard geckos
  3 bats (D:1)
  2 giant cockroaches (D:1)
  A goblin (D:2)
  2 hobgoblins
  3 kobolds
  4 frilled lizards
  A rat (D:1)
  A fungus (D:1)
20 creatures vanquished.

Notes
Turn   | Place    | Note
-------+----------+-------------------------------------------
     0 | D:1      | Duskembrace the Vampire Enchanter began the quest for the Orb.
     0 | D:1      | Reached XP level 1. HP: 13/13 MP: 3/3
   828 | D:1      | Reached XP level 2. HP: 17/19 MP: 5/5
   860 | D:1      | Learned a level 2 spell: Ensorcelled Hibernation
  1685 | D:2      | Gained mutation: Your spells are a little harder to cast, but a little more powerful. [potion of mutation]
  1685 | D:2      | Gained mutation: You are clumsy. (Dex -2) [potion of mutation]
  1685 | D:2      | Gained mutation: Your mind is acute. (Int +2) [potion of mutation]
  1685 | D:2      | Gained mutation: You have sharp fingernails. [potion of mutation]
  1685 | D:2      | Slain by an adder

Vault maps used:
D:1:      denvon_arrival_waterhouse, grunt_decor_one_mirror,
          minmay_strange_pillars, minmay_gold_behind_fungi

Skill      XL: |  1  2 |
---------------+-------+-----
Short Blades   | 2 |  2.0
Dodging        | |  2.1
Stealth        | |  4.4
Spellcasting   | |  2.7
Hexes          | |  4.4

Action                   || total
-------------------------++-------
Melee: Dagger            ||   101
       Bite              ||     6
 Cast: Corona            ||     8
       Ensorcelled Hiber ||     7
  Use: Potion            ||     2
 Stab: Sleeping          ||     7
Armor: Robe              ||    21
Dodge: Dodged            ||    45

Table legend:
 A = Spawn XP
 B = Non-spawn XP
 C = Spawn XP percentage of total XP
 D = Spawn monster count
 E = Non-spawn monster count
 F = Spawn count percentage of total count
 G = Total turns spent on level
                    A         B        C        D         E        F      G
               +---------+---------+-------+---------+---------+-------+---------
         Total |       0 |      34 |   0.0 |       0 |      19 |   0.0 |  1685
               +---------+---------+-------+---------+---------+-------+---------
           D:1 |       0 |      24 |   0.0 |       0 |      13 |   0.0 |  1403
           D:2 |       0 |      10 |   0.0 |       0 |       6 |   0.0 |   282
               +---------+---------+-------+---------+---------+-------+---------
